AoeStats
← 76561199038204523

Four Lakes

507975315Analyzed
1v1 RM · 11d ago on Sep 20, 2026· 19m 1s· 2 players
Game mode
Random Map
Map size
Tiny (2 player)
Population
200
Speed
Normal
Resources
Standard
Victory
Conquest
Starting age
Dark Age
Ending age
Imperial Age
RankedLock teamsTeams togetherTeam positionsShared explorationLock speedFull tech treeHidden civsTurbo modeCheats
Victory
Defeat
🇩🇪 Britons · Germany
562
+15
🇫🇷 Britons · France
532
-15
76561199038204523
10:46 Feudal Age
11:22 Double-Bit Axe
12:16 Horse Collar
=(^.^)=
5:03 Loom
10:06 Feudal Age
13:53 Double-Bit Axe
16:33 Fletching
17:25 Horse Collar
19:00 Padded Archer Armor
Connection lost

Rejoining the realm…

Still unreachable

The connection could not be restored.

Session expired

The server has moved on; the page needs a fresh start.